 Dungeon Crawl Stone Soup version 0.29.1-2-gbd0b4ee654 (webtiles) character file.

Game seed: 15278266109711087961

12368 Bloodgem the Protected (level 11, -1/99 HPs)
             Began as a Minotaur Fighter on Nov 13, 2022.
             Was a Believer of Okawaru.
             Slain by a three-headed hydra (9 damage)
             ... on level 2 of the Lair of Beasts.
             The game lasted 00:21:44 (12644 turns).

Bloodgem the Protected (Minotaur Fighter)          Turns: 12644, Time: 00:21:47

Health: -1/99      AC: 19    Str: 31    XL:     11   Next: 61%
Magic:  10/10      EV: 10    Int:  5    God:    Okawaru [**....]
Gold:   966        SH:  6    Dex: 10    Spells: 10/10 levels left

rFire   . . .      SeeInvis .   R - +0 war axe (flame)
rCold   . . .      Faith    .   c - +0 buckler
rNeg    . . .      Spirit   .   i - +0 plate armour
rPois   .          Reflect  .   (helmet restricted)
rElec   .          Harm     .   H - +0 cloak
rCorr   .          Rampage  .   m - +1 pair of gloves
Will    +....                   k - +0 pair of boots
Stlth   ..........              (no amulet)
HPRegen 0.26/turn               h - ring of willpower
MPRegen 0.12/turn               o - +6 ring of strength

@: mighty, frozen, very slow
A: horns 2, retaliatory headbutt
a: Renounce Religion, Heroism


You were on level 2 of the Lair of Beasts.
You worshipped Okawaru.
Okawaru was pleased with you.
You visited 3 branches of the dungeon, and saw 13 of its levels.
You also visited: Bailey.

You collected 966 gold pieces.

Inventory:

Hand Weapons
 R - a +0 war axe of flaming (weapon)
Missiles
 Q - a throwing net (quivered)
Armour
 c - a +0 buckler (worn)
 i - a +0 plate armour (worn)
 k - a +0 pair of boots (worn)
 m - a +1 pair of gloves (worn)
 H - a +0 cloak (worn)
Jewellery
 h - a ring of willpower (left hand)
 o - a +6 ring of strength (right hand)
 p - a ring of resist corrosion
 w - a ring of willpower
 B - a ring of ice
Wands
 e - a wand of acid (3)
 r - a wand of charming (15)
 y - a wand of polymorph (11)
 F - a wand of roots (6)
 U - a wand of mindburst (9)
Scrolls
 a - 2 scrolls of identify
 b - 2 scrolls of butterflies
 g - 4 scrolls of blinking
 l - 4 scrolls of amnesia
 n - a scroll of summoning
 u - 5 scrolls of poison
 v - a scroll of enchant weapon
 x - 3 scrolls of teleportation
 A - 2 scrolls of magic mapping {unknown}
 C - 5 scrolls of noise {unknown}
 G - 4 scrolls of vulnerability
 I - a scroll of silence {unknown}
 J - 3 scrolls of enchant armour {unknown}
 K - a scroll of torment {unknown}
 L - 2 scrolls of fear {unknown}
Potions
 d - 3 potions of cancellation {unknown}
 f - 16 potions of curing {unknown}
 j - a potion of berserk rage {unknown}
 q - 2 potions of lignification {unknown}
 s - 2 potions of degeneration {unknown}
 t - 10 potions of heal wounds {unknown}
 z - a potion of invisibility {unknown}
 D - 5 potions of mutation {unknown}
 E - 2 potions of attraction {unknown}
 M - 2 potions of magic {unknown}
 N - 4 potions of brilliance {unknown}
 O - 2 potions of haste {unknown}
 P - a potion of might
 S - a potion of flight {unknown}
 T - a potion of ambrosia {unknown}


   Skills:
 - Level 10.0 Fighting
 * Level 7.2(9.5) Axes
 - Level 9.5(10.5) Polearms
 - Level 10.0 Armour
 + Level 9.7 Dodging
 - Level 10.0 Shields


You had 10 spell levels left.
You didn't know any spells.
Your spell library contained the following spells:

 Spells                   Type           Power      Damage    Failure   Level
 Beastly Appendage        Tmut           0%         N/A       99%         1
 Magic Dart               Conj           0%         1d3       99%         1
 Sandblast                Erth           0%         2d4       99%         1
 Sting                    Tmut/Pois      0%         1d3       99%         1
 Blink                    Tloc           0%         N/A       100%        2
 Passwall                 Tmut/Erth      0%         N/A       100%        2
 Poisonous Vapours        Pois/Air       0%         N/A       100%        2
 Searing Ray              Conj           0%         2d4       100%        2
 Wereblood                Tmut           0%         N/A       100%        2
 Dazzling Flash           Conj/Hex       0%         N/A       100%        3
 Lesser Beckoning         Tloc           0%         N/A       100%        3
 Spider Form              Tmut/Pois      0%         N/A       100%        3
 Stone Arrow              Conj/Erth      0%         3d7       100%        3
 Fulminant Prism          Conj/Hex       0%         3d6       100%        4
 Olgreb's Toxic Radiance  Pois           0%         N/A       100%        4
 Passage of Golubria      Tloc           0%         N/A       100%        4
 Agony                    Necr           0%         N/A       100%        5
 Fireball                 Conj/Fire      0%         3d3       100%        5
 Iskenderun's Battlesphe  Conj           0%         2d6       100%        5
 Manifold Assault         Tloc           0%         N/A       100%        5
 Silence                  Hex/Air        0%         N/A       100%        5
 Yara's Violent Unravell  Hex/Tmut       0%         3d3       100%        5
 Conjure Ball Lightning   Conj/Air       0%         3x3d6     100%        6
 Orb of Destruction       Conj           0%         9d5       100%        7
 Tukima's Dance           Hex            Unusable   N/A       N/A         3

Dungeon Overview and Level Annotations

Branches:
Dungeon (10/15)            Temple (1/1) D:4            Lair (2/5) D:10
 Bailey (visited)
  Swamp: Lair:2-3    Shoals: Lair:2-3     Snake: Lair:2-3    Spider: Lair:2-3
    Orc: D:9-12

Altars:
Ashenzari
Cheibriados
Dithmenos
Elyvilon
Fedhas
Gozag
Hepliaklqana
Kikubaaqudgha
Makhleb
Nemelex Xobeh
Okawaru
Qazlal
Ru
Sif Muna
Trog
Uskayaw
Vehumet
Wu Jian
Xom
Yredelemnul
Zin
The Shining One

Annotations:
D:10 3 runed translucent doors, Raikaria's ghost, novice DrWr


Innate Abilities, Weirdness & Mutations

You have a pair of horns on your head.
You reflexively headbutt those who attack you in melee.


Message History

The six-headed hydra bites you but does no damage.
The six-headed hydra bites you! The six-headed hydra barely misses you.
The six-headed hydra bites you but does no damage. x2
The six-headed hydra bites you.
You are too injured to fight recklessly!
Unknown command.
You hack one of the six-headed hydra's heads off!
The flame cauterises the wound!
You slash the five-headed hydra! You burn the five-headed hydra.
The five-headed hydra is moderately wounded.
The five-headed hydra bites you but does no damage. x4
The five-headed hydra barely misses you.
You chop one of the five-headed hydra's heads off!
The flame cauterises the wound!
You slash the four-headed hydra! You burn the four-headed hydra.
You headbutt the four-headed hydra!
The four-headed hydra is severely wounded.
The four-headed hydra bites you.
The four-headed hydra closely misses you.
The four-headed hydra bites you.
The four-headed hydra bites you but does no damage.
You feel very mighty all of a sudden.
A water moccasin comes into view.
The rime drake bites you but does no damage.
The four-headed hydra bites you but does no damage. x2
The four-headed hydra barely misses you.
The four-headed hydra bites you.
The water moccasin hisses angrily.
You chop one of the four-headed hydra's heads off!
The flame cauterises the wound!
You slash the three-headed hydra! You burn the three-headed hydra.
The three-headed hydra is almost dead.
You slice the rime drake!! You burn the rime drake!
The rime drake breathes ice at you. The flash freeze hits you!
* * * LOW HITPOINT WARNING * * *
You are encased in ice.
The three-headed hydra bites you!
* * * LOW HITPOINT WARNING * * *
The three-headed hydra bites you!
You die...

.... #.... ..... #.....
# .....####.....# # .
#...#.......# .#.
#P.........# ##.#
##.........# ###..###
...........# #....#.##
..........## #...†....
.$....k@...# ##...###.
.......D...### ##..###.
.........†..S####P...#.#
...............##..#####
...................##P#.
...........##...........
..#.......###...........
.#.......## #......##...
#...... #....####...


You could see a three-headed hydra, a rime drake (catching breath) and a water
moccasin.

Vanquished Creatures
  A hydra (Lair:2)
  2 two-headed ogres (D:9)
  Pikel (D:6)
  An orc knight (Bailey)
  A manticore (D:8)
  Joseph (D:9)
  The ghost of matvey144 the Chopper, a novice MiFi of Okawaru (D:5)
  2 cane toads (Lair:1)
  4 komodo dragons
  A polar bear (Lair:2)
  3 blink frogs (Lair:2)
  2 wyverns
  A shadow (D:10)
  10 yaks
  2 wraiths
  4 vampire mosquitoes (D:10)
  2 steam dragons
  2 acid dragons (D:9)
  6 water moccasins
  A black bear (D:8)
  3 orc warriors
  2 ice beasts
  An ogre (D:6)
  2 centaurs
  A phantom (D:4)
  2 lemures (D:6)
  7 bullfrogs
  A gnoll sergeant (D:8)
  2 scorpions (D:6)
  3 howler monkeys
  2 jellies
  4 hounds
  A gnoll bouda (D:10)
  6 orc priests
  3 iguanas
  2 orc wizards
  Natasha (twice) (D:2)
  24 gnolls
  4 adders
  2 worms (D:4)
  4 dart slugs
  35 orcs
  4 bats
  6 endoplasms
  3 giant cockroaches
  14 goblins
  2 hobgoblins
  3 jackals (D:3)
  3 quokkas
  4 ball pythons
  3 frilled lizards
  6 kobolds
  5 rats
214 creatures vanquished.

Vanquished Creatures (others)
  8 fungi
  2 plants
10 creatures vanquished.

Grand Total: 224 creatures vanquished

Notes
Turn   | Place    | Note
-------+----------+-------------------------------------------
     0 | D:1      | Bloodgem the Minotaur Fighter began the quest for the Orb.
     0 | D:1      | Reached XP level 1. HP: 19/19 MP: 0/0
   175 | D:1      | Reached XP level 2. HP: 27/27 MP: 1/1
   724 | D:2      | Reached XP level 3. HP: 27/33 MP: 2/2
  1212 | D:2      | Noticed Natasha
  1218 | D:2      | Killed Natasha
  1219 | D:2      | Reached skill level 1 in Dodging
  1219 | D:2      | Reached XP level 4. HP: 32/41 MP: 3/3
  1511 | D:2      | Noticed Natasha
  1520 | D:2      | Killed Natasha
  1766 | D:3      | Found a hide-covered altar of Uskayaw.
  1781 | D:3      | Found a faded altar of an unknown god.
  2609 | D:4      | Noticed a phantom
  2613 | D:4      | Killed a phantom
  2614 | D:4      | Reached skill level 5 in Fighting
  2614 | D:4      | Reached skill level 5 in Armour
  2614 | D:4      | Reached XP level 5. HP: 48/48 MP: 4/4
  3041 | D:4      | Found a staircase to the Ecumenical Temple.
  3065 | Temple   | Entered the Ecumenical Temple
  3072 | Temple   | Became a worshipper of the Shining One
  3176 | D:4      | Reached XP level 6. HP: 56/56 MP: 5/5
  3493 | D:5      | Entered Level 5 of the Dungeon
  3493 | D:5      | Noticed an ice beast
  3876 | D:5      | Killed an ice beast
  3905 | D:5      | Found a runed translucent gate.
  3905 | D:5      | Found a runed translucent gate.
  3906 | D:5      | Found a runed translucent gate.
  3906 | D:5      | Found an opulent altar of Gozag.
  3906 | D:5      | Noticed a komodo dragon
  3908 | D:5      | Noticed matvey144's ghost (novice MiFi)
  3923 | D:5      | Killed a komodo dragon
  3924 | D:5      | Reached skill level 5 in Shields
  3924 | D:5      | Reached XP level 7. HP: 13/64 MP: 6/6
  3928 | D:5      | Killed matvey144's ghost
  3929 | D:5      | Reached XP level 8. HP: 6/73 MP: 7/7
  4449 | D:5      | Found a hazy altar of Hepliaklqana.
  4450 | D:5      | Found a blossoming altar of Fedhas.
  4575 | D:6      | Reached skill level 5 in Polearms
  5138 | D:7      | Noticed Pikel
  5163 | D:6      | Killed Pikel
  5164 | D:6      | Reached XP level 9. HP: 63/82 MP: 8/8
  5959 | D:7      | Reached * piety under the Shining One
  6039 | D:7      | Reached skill level 5 in Dodging
  6236 | D:8      | Found a transporter.
  6630 | D:8      | Noticed a manticore
  6640 | D:8      | Killed a manticore
  7319 | D:9      | Noticed a two-headed ogre
  7327 | D:9      | Killed a two-headed ogre
  7328 | D:9      | Reached skill level 10 in Fighting
  7328 | D:9      | Reached skill level 10 in Armour
  7328 | D:9      | Reached XP level 10. HP: 58/93 MP: 9/9
  7655 | D:9      | Noticed Joseph
  7766 | D:9      | Noticed a two-headed ogre
  7772 | D:9      | Killed a two-headed ogre
  7781 | D:9      | Found a sparkling altar of Nemelex Xobeh.
  7854 | D:9      | Found a flagged portal.
  7884 | Bailey   | Entered a bailey
  8347 | Bailey   | Noticed an orc knight
  8366 | Bailey   | Killed an orc knight
  8905 | Temple   | Fell from the grace of the Shining One
  8905 | Temple   | Became a worshipper of Warmaster Okawaru
  9022 | D:10     | Entered Level 10 of the Dungeon
  9065 | D:9      | Killed Joseph
  9066 | D:9      | Reached XP level 11. HP: 40/99 MP: 10/10
  9644 | D:10     | Found a staircase to the Lair.
 10032 | D:10     | Reached skill level 1 in Axes
 10032 | D:10     | Reached skill level 10 in Shields
 10299 | D:10     | Found a runed translucent gate.
 10299 | D:10     | Found a runed translucent gate.
 10299 | D:10     | Found a runed translucent gate.
 10299 | D:10     | Noticed Raikaria's ghost (novice DrWr)
 10363 | Lair:1   | Entered Level 1 of the Lair of Beasts
 11389 | Lair:1   | Reached * piety under Okawaru
 11851 | Lair:2   | Noticed a seven-headed hydra
 11858 | Lair:2   | Killed a three-headed hydra
 11859 | Lair:2   | Reached skill level 5 in Axes
 12485 | Lair:2   | Reached ** piety under Okawaru
 12636 | Lair:2   | Noticed a six-headed hydra
 12644 | Lair:2   | Slain by a three-headed hydra

Illustrated notes

Levels and vault maps discovered:
D:1:      minmay_arrival_cross, layout_basic, minmay_fountain_box,
          grunt_decor_fettered, hangedman_decor_peaks_small, serial_bayou_pond_d
D:2:      layout_basic, minmay_tetromino_s4, uniq_natasha
D:3:      layout_basic, overflow_temple_1_default,
          ebering_ecumenical_altar_abandoned
D:4:      layout_loops_corners, minmay_temple_entry_sparse_star,
          minmay_misc_feat_four_crosses
D:5:      layout_rooms, gammafunk_temple_overflow_statue, ebering_ghost_gozag
D:6:      layout_loops_cross
D:7:      layout_gridville, kennysheep_minor_cross, st_stairs_6, uniq_pikel
D:8:      layout_gridville, nicolae_diode_basic
D:9:      layout_basic, kennysheep_mini, enter_bailey_5, uniq_joseph
D:10:     layout_long_grid, lair_entry_dummy, gammafunk_ghost_nasty_kobolds,
          minmay_parallelograms
Temple:   nicolae_temple_no_exploring_needed
Lair:1:   layout_cave_pods
Lair:2:   layout_hall_layers, st_stairs_6, beast_lair_carwin_7,
          grunt_megastairs_4, lemuel_fruit_fields

Skill      XL: |  1  2  3  4  5  6  7  8  9 10 11 |
---------------+----------------------------------+-----
Armour         | 4 5 6 7 8 10 | 10.0
Fighting       | 4 5 6 7 8 10 | 10.0
Polearms       | 3 4 5 6 9 |  9.5
Dodging        | 1 2 3 4 6 8 9 |  9.7
Shields        | 4 5 6 7 9 10 | 10.0
Axes           | 7 |  7.2

Action                   |  1- 3 |  4- 6 |  7- 9 | 10-12 || total
-------------------------+-------+-------+-------+-------++-------
Melee: Trident           |    82 |   126 |   150 |   246 ||   604
       Headbutt          |     7 |    25 |    37 |    63 ||   132
       War axe           |       |       |       |   120 ||   120
Evoke: Wand              |       |       |       |     3 ||     3
  Use: Scroll            |       |     6 |     2 |     2 ||    10
       Potion            |       |     1 |     1 |     3 ||     5
Armor: Scale mail        |     3 |       |       |       ||     3
       Plate armour      |    36 |    45 |    78 |   177 ||   336
Dodge: Dodged            |    11 |    25 |    58 |   159 ||   253
Block: Buckler           |     7 |    12 |    36 |   105 ||   160
